 Dungeon Crawl Stone Soup version 0.30.2 (webtiles) character file.

Game seed: 3450885488271303395

47768 porpoise the Markshuman (level 14, -16/97 HPs)
             Began as a Human Hunter on Apr 9, 2024.
             Was a Believer of Hepliaklqana.
             Demolished by a skeletal warrior
             ... wielding a +0 halberd
              (19 damage)
             ... on level 15 of the Dungeon on Apr 10, 2024.
             The game lasted 01:05:46 (19092 turns).

porpoise the Markshuman (Human Hunter)             Turns: 19092, Time: 01:05:46

Health: -16/97     AC: 18    Str: 12    XL:     14   Next: 83%
Magic:  10/10      EV: 25    Int: 14    God:    Hepliaklqana [**....]
Gold:   1023       SH:  0    Dex: 23    Spells: 13/13 levels left

rFire   . . .        a - +4 longbow of Dissolution {heavy, Int+4}
rCold   . . .        (shield currently unavailable)
rNeg    . . .        t - +4 ring mail of Reluic {Will+ Regen+ MP-9 Stlth+}
rPois   .            Y - +2 hat "Memnou" {Dex+2}
rElec   .            V - +1 cloak
rCorr   .            A - +1 pair of gloves
SInv    +            s - +1 pair of boots
Will    ++...        (no amulet)
Stlth   ++++         F - ring of see invisible
HPRegen 1.16/turn    g - +5 ring of evasion
MPRegen 0.12/turn

%: no passive effects
@: studying 5 skills
A: reduced essence
a: Renounce Religion, Recall Ancestor, Ancestor Identity


You were on level 15 of the Dungeon.
You worshipped Hepliaklqana.
Hepliaklqana was pleased with you.
You visited 3 branches of the dungeon, and saw 20 of its levels.
You also visited: Trove.

You collected 1356 gold pieces.
You spent 333 gold pieces at shops.

Inventory:

Hand Weapons
 a - the +4 longbow of Dissolution (weapon) {heavy, Int+4}
   (You bought it in a shop on level 10 of the Dungeon)

   Int:       It affects your intelligence (+4).
 b - a +2 rapier of venom
 c - a +0 longbow
 i - a +0 longbow
 D - a +2 dagger of venom
Missiles
 B - 4 throwing nets
Armour
 s - a +1 pair of boots (worn)
 t - the +4 ring mail of Reluic (worn) {Will+ Regen+ MP-9 Stlth+}
   (You found it on level 4 of the Dungeon)

   MP:        It affects your magic capacity (-9).
   Regen:     It increases your rate of health regeneration.
   Will:      It increases your willpower.
   Stlth:     It makes you more stealthy.
 A - a +1 pair of gloves (worn)
 V - a +1 cloak (worn)
 Y - the +2 hat "Memnou" (worn) {Dex+2}
   (You acquired it on level 15 of the Dungeon)

   Dex:       It affects your dexterity (+2).
Jewellery
 g - a +5 ring of evasion (right hand)
 m - a ring of ice
 u - a ring of willpower
 w - a ring of positive energy
 C - a ring of protection from fire
 F - a ring of see invisible (left hand)
 I - the ring "Eqeunif" {Fly rElec rC- Will+ EV+5}
   (You found it on level 8 of the Dungeon)

   [ring of evasion]

   EV:        It affects your evasion (+5).
   rC:        It makes you vulnerable to cold.
   rElec:     It insulates you from electricity.
   Fly:       It grants you flight.
   Will:      It increases your willpower.
 R - a +5 ring of evasion
 U - a +6 ring of intelligence
Wands
 e - a wand of digging (7)
 o - a wand of flame (63)
 p - a wand of roots (24)
 y - a wand of paralysis (9)
 J - a wand of mindburst (17)
 P - a wand of polymorph (19)
 T - a wand of light (3)
Scrolls
 f - 2 scrolls of teleportation
 h - a scroll of amnesia
 n - a scroll of enchant armour
 r - 4 scrolls of immolation
 v - 3 scrolls of fog
 E - a scroll of poison
 H - a scroll of vulnerability
 L - 4 scrolls of butterflies
 M - 2 scrolls of fear
 O - 8 scrolls of identify
 Q - 2 scrolls of enchant weapon
 Z - a scroll of magic mapping
Potions
 j - 5 potions of cancellation
 k - 2 potions of berserk rage
 l - a potion of might
 q - 13 potions of curing
 x - 2 potions of haste
 z - 2 potions of invisibility
 G - 3 potions of attraction
 K - 2 potions of ambrosia
 N - 2 potions of heal wounds
 S - a potion of lignification
 W - a potion of brilliance
Miscellaneous
 d - a phial of floods
 X - a tin of tremorstones (2/2)


   Skills:
 + Level 9.4 Fighting
 - Level 18.0 Ranged Weapons
 - Level 5.0 Armour
 + Level 13.6 Dodging
 - Level 5.0 Stealth
 - Level 7.0 Invocations
 + Level 6.5 Evocations


You had 13 spell levels left.
You didn't know any spells.
Your spell library contained the following spells:

 Spells                   Type           Power      Damage    Failure   Level
 Apportation              Tloc           0%         N/A       52%         1
 Kiss of Death            Conj/Necr      0%         2d5       52%         1
 Necrotise                Necr           0%         1d4       52%         1
 Sandblast                Erth           0%         2d4       52%         1
 Summon Small Mammal      Summ           0%         N/A       52%         1
 Ensorcelled Hibernation  Hex/Ice        0%         N/A       67%         2
 Momentum Strike          Conj/Tloc      0%         3d8       67%         2
 Passwall                 Tmut/Erth      0%         N/A       67%         2
 Call Canine Familiar     Summ           0%         N/A       88%         3
 Confusing Touch          Hex            0%         N/A       88%         3
 Inner Flame              Hex/Fire       0%         N/A       88%         3
 Portal Projectile        Hex/Tloc       0%         N/A       88%         3
 Spider Form              Tmut/Pois      0%         N/A       88%         3
 Stone Arrow              Conj/Erth      0%         3d7       88%         3
 Anguish                  Hex/Necr       0%         N/A       99%         4
 Dispel Undead            Necr           0%         3d6       99%         4
 Flame Wave               Conj/Fire      0%         2d4       99%         4
 Leda's Liquefaction      Hex/Erth       0%         N/A       99%         4
 Passage of Golubria      Tloc           0%         N/A       99%         4
 Sticky Flame             Conj/Fire      0%         2d3       99%         4
 Summon Ice Beast         Ice/Summ       0%         N/A       99%         4
 Metabolic Englaciation   Hex/Ice        0%         N/A       100%        5
 Summon Forest            Summ/Tloc      0%         N/A       100%        5
 Conjure Ball Lightning   Conj/Air       0%         3x3d6     100%        6
 Eringya's Noxious Bog    Tmut/Pois      0%         N/A       100%        6
 Simulacrum               Ice/Necr       0%         N/A       100%        6
 Ozocubu's Refrigeration  Ice            0%         4d7       100%        7
 Summon Hydra             Summ           0%         N/A       100%        7
 Chain Lightning          Conj/Air       0%         N/A       100%        9
 Polar Vortex             Ice            0%         N/A       100%        9


Dungeon Overview and Level Annotations

Branches:
Dungeon (15/15)            Temple (1/1) D:6            Lair (4/5) D:8
  Swamp (0/4) Lair:2        Snake (0/4) Lair:3          Orc (0/2) D:10
 Vaults (0/5) D:13         Depths (0/4) D:15
  Slime: Lair:4-5

Altars:
Ashenzari
Cheibriados
Dithmenos
Elyvilon
Fedhas
Gozag
Hepliaklqana
Kikubaaqudgha
Makhleb
Nemelex Xobeh
Okawaru
Qazlal
Ru
Sif Muna
Trog
Uskayaw
Vehumet
Wu Jian
Xom
Yredelemnul
Zin
The Shining One

Shops:
D:5 :   D:10 (

Annotations:
D:12 exclusion: oklob plant
D:13 3 runed translucent doors, Nonny's ghost, journeyman MfGl


Message History

You shoot an arrow. The arrow hits the red ugly thing!
The red ugly thing is almost dead.
A centaur comes into view.
The cyan ugly thing misses you.
The red ugly thing basks in the mutagenic energy from its kin and changes!
The cyan ugly thing completely misses you.
The centaur moves out of view.
A red ugly thing comes into view.
You shoot an arrow.
The arrow closely misses the cyan ugly thing.
The red ugly thing stings you!
You are engulfed in flames!!
The cyan ugly thing misses you.
Unknown command.
Okay, then.
As you read the scroll of teleportation, it crumbles to dust.
You feel strangely unstable. The red ugly thing misses you.
The cyan ugly thing completely misses you.
The green ugly thing closely misses you.
You shoot an arrow. The arrow hits the cyan ugly thing!!
The cyan ugly thing is severely wounded.
The red ugly thing tentacle-slaps you.
You are engulfed in flames!
The red ugly thing stings you but does no damage.
The green ugly thing pecks you but does no damage.
The cyan ugly thing bites you! The cyan ugly thing shocks you!
* * * LOW HITPOINT WARNING * * *
The cyan ugly thing attacks as you move away!
The cyan ugly thing bites you but does no damage.
The red ugly thing completely misses you.
The green ugly thing barely misses you.
The red ugly thing attacks as you move away!
The red ugly thing stings you.
* * * LOW HITPOINT WARNING * * *
You are engulfed in flames!!
* * * LOW HITPOINT WARNING * * *
Your surroundings suddenly seem different. 4 skeletal warriors come into view.
The skeletal warrior completely misses you.
The skeletal warrior attacks as you move away!
The skeletal warrior hits you with a +0 halberd!!
You die...

..........#
.....##.......8.8#
P......................#
....................8..#
.88........<...[.(.....#
P...P...............8..#
.P.88.8............#...#
..8..PP.........zz.#...#
..>.8........@z.....#.##
....P.P..<...z.........#
.......................#
......................##
P........####...8.....#
....P.8... ...........#
.......#...##........##
........... #.....####
....######......8.#


You could see 4 skeletal warriors.

Vanquished Creatures
  A caustic shrike skeleton (D:15)
  A hydra (D:15)
  A two-headed ogre (D:8)
  3 centaur warriors (D:13)
  5 death yaks (Lair:2)
  3 boulder beetles (D:12)
  Urug (D:10)
  A titan skeleton (D:15)
  A soul eater (D:12)
  A skeletal warrior (D:14)
  A deep elf zephyrmancer (D:15)
  A phantasmal warrior (D:14)
  2 deep elf pyromancers
  A frost giant zombie (D:15)
  3 necromancers
  2 cyclopes (D:13)
  11 ugly things
  2 manticores
  A rust devil (D:12)
  2 black mambas (Lair:3)
  Joseph (D:10)
  A smoke demon (D:12)
  3 cane toads
  Maggie (D:6)
  An unseen horror (shapeshifter) (D:15)
  2 komodo dragons
  An efreet (D:13)
  A guardian mummy (D:14)
  A yaktaur (D:13)
  A red devil (D:12)
  A wind drake (shapeshifter) (D:15)
  6 trolls
  A polar bear (Lair:4)
  5 blink frogs
  Grinder (D:3)
  Sigmund (D:2)
  31 yaks
  3 wraiths
  A shadow (D:12)
  A vampire (D:11)
  A wyvern (D:8)
  A basilisk (Lair:1)
  18 humans (D:13)
  2 steam dragons
  A chaos spawn (D:12)
  7 vampire mosquitoes
  Menkaure (D:7)
  Edmund (D:5)
  An acid dragon (D:11)
  3 nagas (Lair:3)
  9 water moccasins
  An orc warrior (D:13)
  2 ice beasts
  2 sky beasts
  A black bear (D:6)
  9 centaurs
  4 ogres
  4 wolves (Lair:2)
  A phantom (D:3)
  10 bullfrogs
  3 scorpions (D:6)
  A gnoll sergeant (D:9)
  4 wights (D:6)
  11 killer bees
  5 electric eels (Lair:2)
  2 howler monkeys (D:5)
  6 quasits (D:12)
  3 hounds (D:5)
  4 orc priests
  9 jellies
  Ijyb (D:4)
  2 iguanas (D:5)
  A sleepcap (D:5)
  Terence (D:3)
  6 hell rats (Lair:3)
  10 orc wizards
  7 gnolls
  8 adders
  A shadow imp (D:6)
  A white imp (D:7)
  A worm (D:2)
  30 orcs
  A ball python (D:1)
  22 endoplasms
  4 giant cockroaches
  A goblin (D:1)
  7 hobgoblins
  4 jackals (D:1)
  5 kobolds
  4 quokkas
  2 bats
  A frilled lizard (D:2)
  5 rats
360 creatures vanquished.

Vanquished Creatures (collateral kills)
  A hydra (Lair:3)
  Nergalle (Lair:1)
  A wizard (D:13)
  An ugly thing (D:14)
  A rime drake (Lair:1)
  A komodo dragon (Lair:4)
  A troll (D:12)
  3 blink frogs
  A wyvern (D:8)
  4 yaks
  3 water moccasins
  2 wolves (Lair:2)
  A kobold brigand (D:8)
  2 bullfrogs
  A killer bee (D:12)
  5 orc wizards
  A hell rat (Lair:3)
  3 orcs
33 creatures vanquished.

Vanquished Creatures (others)
  2 ancestors (D:8)
  7 knights
9 creatures vanquished.

Grand Total: 402 creatures vanquished

Notes
Turn   | Place    | Note
-------+----------+-------------------------------------------
     0 | D:1      | porpoise the Human Hunter began the quest for the Orb.
     0 | D:1      | Reached XP level 1. HP: 16/16 MP: 1/1
   144 | D:1      | Reached XP level 2. HP: 19/22 MP: 2/2
   723 | D:2      | Reached XP level 3. HP: 21/28 MP: 3/3
   851 | D:2      | Identified the +5 dagger of Hepliaklqana's Hatred {flame,
                  | Int+2}
   959 | D:2      | Noticed Sigmund
   973 | D:2      | Killed Sigmund
   974 | D:2      | Reached skill level 6 in Ranged Weapons
   974 | D:2      | Reached XP level 4. HP: 27/37 MP: 4/4
   974 | D:2      | Reached XP level 5. HP: 31/42 MP: 5/5
   974 | D:2      | Reached XP level 6. HP: 36/48 MP: 6/6
  1520 | D:3      | Found a faded altar of an unknown god.
  1525 | D:3      | Noticed Terence
  1531 | D:3      | Killed Terence
  1710 | D:3      | Noticed Grinder
  1716 | D:3      | Paralysed by Grinder for 4 turns
  1719 | D:3      | HP: 1/48 [Grinder/nerve-wracking pain (12)]
  1725 | D:3      | Killed Grinder
  1726 | D:3      | Reached XP level 7. HP: 4/55 MP: 7/7
  1938 | D:3      | Reached skill level 7 in Ranged Weapons
  2430 | D:4      | Found a broken altar of Ashenzari.
  2430 | D:4      | Found a sparkling altar of Nemelex Xobeh.
  2464 | D:4      | Noticed Ijyb
  2471 | D:4      | Killed Ijyb
  2737 | D:4      | Identified the +4 ring mail of Reluic {Will+ Regen+ MP-9
                  | Stlth+}
  3023 | D:5      | Entered Level 5 of the Dungeon
  3124 | D:5      | Reached skill level 5 in Fighting
  3372 | D:5      | Reached XP level 8. HP: 50/62 MP: 0/8
  3380 | D:5      | Reached skill level 8 in Ranged Weapons
  3615 | D:6      | Noticed Maggie
  3642 | D:6      | Killed Maggie
  3643 | D:6      | Reached skill level 9 in Ranged Weapons
  3991 | D:6      | Reached XP level 9. HP: 11/64 MP: 0/9
  4095 | D:6      | Found a basalt altar of Yredelemnul.
  4225 | D:6      | Reached skill level 10 in Ranged Weapons
  4535 | D:6      | Found a staircase to the Ecumenical Temple.
  4556 | Temple   | Entered the Ecumenical Temple
  4581 | Temple   | Became a worshipper of Hepliaklqana the Forgotten
  4769 | D:6      | Reached skill level 1 in Evocations
  5062 | D:5      | Noticed Edmund
  5077 | D:5      | Killed Edmund
  5201 | D:5      | Found Fegrisina's Tiny Tomes.
  5272 | D:5      | Reached skill level 11 in Ranged Weapons
  5319 | D:6      | Identified the +0 quarterstaff of Blue Conscience {freeze,
                  | *Noise rF+ MP+9 Str+3}
  5870 | D:7      | Reached XP level 10. HP: 79/79 MP: 1/10
  5943 | D:7      | Reached * piety under Hepliaklqana
  6082 | D:7      | Noticed Menkaure
  6085 | D:7      | Killed Menkaure
  6494 | D:8      | Identified the ring "Eqeunif" {Fly rElec rC- Will+ EV+5}
  6757 | D:8      | Noticed a two-headed ogre
  6766 | D:8      | Killed a two-headed ogre
  6767 | D:8      | Reached skill level 12 in Ranged Weapons
  7014 | D:8      | Found a staircase to the Lair.
  7015 | D:8      | Noticed a komodo dragon
  7363 | D:8      | Killed a komodo dragon
  7364 | D:8      | Reached skill level 5 in Dodging
  7413 | Lair:1   | Entered Level 1 of the Lair of Beasts
  7474 | Lair:1   | Reached ** piety under Hepliaklqana
  7475 | Lair:1   | Remembered your ancestor Nikki as a knight
  7612 | Lair:1   | Noticed a rime drake
  7623 | Lair:1   | Killed a rime drake
  7624 | Lair:1   | Reached skill level 1 in Armour
  7744 | Lair:1   | Reached skill level 5 in Evocations
  7744 | Lair:1   | Reached XP level 11. HP: 75/75 MP: 2/11
  7758 | Lair:1   | Reached skill level 1 in Invocations
  8233 | Lair:2   | Noticed Nergalle
  8243 | Lair:2   | Noticed a spectral orc warlord
  8548 | D:9      | Reached skill level 13 in Ranged Weapons
  8645 | D:9      | Reached *** piety under Hepliaklqana
  9135 | D:9      | You are sucked into a shaft and drop 2 floors!
  9143 | D:10     | Entered Level 10 of the Dungeon
  9212 | D:10     | Found Dennack's Antique Weapon Emporium.
  9231 | D:10     | Bought an ichor-stained longbow for 333 gold pieces
  9231 | D:10     | Identified the +4 longbow of Dissolution {heavy, Int+4}
                  | (You bought it in a shop on level 10 of the Dungeon)
  9584 | D:10     | Noticed Joseph
  9602 | D:10     | Killed Joseph
 10120 | D:10     | Reached **** piety under Hepliaklqana
 10192 | D:10     | Found a staircase to the Orcish Mines.
 10245 | D:10     | Noticed Urug
 10252 | D:10     | Killed Urug
 10253 | D:10     | Reached skill level 14 in Ranged Weapons
 11098 | Lair:1   | Noticed a spectral orc warlord
 11098 | Lair:1   | Killed Nergalle
 11264 | Lair:2   | Reached skill level 5 in Armour
 11271 | Lair:2   | Reached XP level 12. HP: 75/82 MP: 5/14
 11453 | Lair:2   | Found a staircase to the Swamp.
 11486 | Lair:2   | Noticed a death yak
 11489 | Lair:2   | Noticed a death yak
 11524 | Lair:2   | Noticed a death yak
 11524 | Lair:2   | Noticed a death yak
 11527 | Lair:2   | Noticed a death yak
 11528 | Lair:2   | Killed a death yak
 11534 | Lair:2   | Killed a death yak
 11535 | Lair:2   | Killed a death yak
 11536 | Lair:2   | Reached skill level 15 in Ranged Weapons
 11538 | Lair:2   | HP: 2/84 [death yak (18)]
 11543 | Lair:2   | Killed a death yak
 11559 | Lair:2   | Killed a death yak
 11661 | Lair:2   | Identified the +2 scale mail "Wump" {+Blink rF+ Will+
                  | Str+3}
 12204 | Lair:3   | Reached skill level 16 in Ranged Weapons
 12215 | Lair:3   | Noticed a seven-headed hydra
 12218 | Lair:3   | Killed a seven-headed hydra
 12219 | Lair:3   | Reached XP level 13. HP: 90/90 MP: 5/16
 12265 | Lair:3   | Reached ***** piety under Hepliaklqana
 12512 | Lair:3   | Found a staircase to the Snake Pit.
 13282 | Lair:4   | Reached skill level 5 in Invocations
 14349 | D:12     | Reached skill level 5 in Stealth
 14371 | D:12     | Reached skill level 17 in Ranged Weapons
 14790 | D:12     | Found a sparkling altar of Nemelex Xobeh.
 15138 | D:12     | Found a portal to a secret trove of treasure.
 15147 | Trove    | Entered a treasure trove
 15265 | Trove    | Got Sif Muna's Anthology of the Frigorific Discharge
 15287 | Trove    | Got Sif Muna's Compendium of Indurated Position
 15987 | D:13     | Noticed a centaur warrior
 15997 | D:13     | Killed a centaur warrior
 16129 | D:13     | Noticed a centaur warrior
 16137 | D:13     | Killed a centaur warrior
 16138 | D:13     | Reached XP level 14. HP: 67/108 MP: 10/19
 16648 | D:13     | Found a runed translucent gate.
 16648 | D:13     | Found a runed translucent gate.
 16648 | D:13     | Found a runed translucent gate.
 16777 | D:13     | Found a radiant altar of Vehumet.
 16952 | D:13     | Reached skill level 18 in Ranged Weapons
 17224 | D:13     | Found a gate to the Vaults.
 17232 | D:13     | Reached skill level 10 in Dodging
 17292 | D:13     | Noticed Nonny's ghost (journeyman MfGl)
 18113 | D:14     | Found a shimmering blue altar of Sif Muna.
 18754 | D:15     | Entered Level 15 of the Dungeon
 18754 | D:15     | Found a staircase to the Depths.
 18968 | D:15     | Identified a scroll of acquirement
 18969 | D:15     | Acquired the +2 hat "Memnou" {Dex+2}
 19091 | D:15     | HP: 1/97 [red ugly thing (20)]
 19092 | D:15     | Demolished by a skeletal warrior

Illustrated notes

Levels and vault maps discovered:
D:1:      lemuel_arrival_hallway, layout_loops_ring
D:2:      layout_basic, uniq_sigmund
D:3:      layout_basic, chequers_ecumenical_altar_simple, uniq_terence,
          uniq_grinder
D:4:      layout_loops_cross, gammafunk_temple_overflow_elements,
          kennysheep_small_square, uniq_ijyb
D:5:      layout_basic, nicolae_shop_i_like_small_books_too, uniq_edmund
D:6:      layout_cave_pods, yredelemnul_altar_generic,
          minmay_temple_entry_proselytizer, uniq_maggie
D:7:      layout_loops_ring, uniq_menkaure
D:8:      layout_rooms, david_lair_shrubbed, minmay_fractal_squares_diagonal_5
D:9:      layout_basic
D:10:     layout_stronghold, orc_0_dummy, serial_shops, shop,
          chequers_decorated_corner, uniq_urug, uniq_joseph
D:11:     layout_cave_pools
D:12:     lemuel_slime, layout_basic, serial_demonic, serial_demonic_d,
          serial_demonic_g, serial_demonic_e, serial_demonic_a,
          serial_demonic_g, serial_demonic_c, serial_demonic_g,
          nicolae_trove_entry_diagonal, nemelex_diamond_rough_becter
D:13:     layout_long_grid, grunt_vaults_entry_tiered, gammafunk_ghost_icy,
          vehumet_altar_wand_db
D:14:     layout_loops_corners, chequers_avenue, minmay_misc_feat_secret_circle,
          nicolae_sif_muna_little_library
D:15:     gammafunk_depths_entry_grave, layout_cave_pools, ashenzari_altar_1,
          serial_column_ruins, column_ruins_hut_ruined, column_ruins_open_tiny,
          column_ruins_columns_dead_end, column_ruins_corridor_straight,
          column_ruins_open_tiny, column_ruins_open_tiny, column_ruins_grid_3,
          column_ruins_open_tiny_water
Temple:   hellmonk_temple_of_storms
Lair:1:   layout_gridlike
Lair:2:   layout_hall_layers, minmay_swamp_entry_eels,
          portal_ice_cave_entry_pillars_1, serial_bayou_shore_b,
          grunt_megastairs_3, uniq_nergalle
Lair:3:   layout_chaotic_city, nicolae_snake_entry_squirm, serial_rivers,
          chequers_serial_rivers_micro_a, chequers_serial_rivers_marsh,
          chequers_serial_rivers_small_3, chequers_serial_rivers_micro_d
Lair:4:   wander_river, layout_regular_city, grunt_megastairs_1

Skill      XL: |  1  2  3  4  5  6  7  8  9 10 11 12 13 14 |
---------------+-------------------------------------------+-----
Fighting       | 3 4 5 6 7 9 |  9.4
Ranged Weapons | 6 7 9 11 12 14 16 17 18 | 18.0
Evocations     | 2 5 6 |  6.5
Dodging        | 3 5 6 13 | 13.6
Armour         | 1 5 |  5.0
Invocations    | 3 4 7 |  7.0
Stealth        | 2 5 |  5.0

Action                     |  1- 3 |  4- 6 |  7- 9 | 10-12 | 13-15 || total
---------------------------+-------+-------+-------+-------+-------++-------
  Melee: Dagger            |     5 |     3 |    21 |    29 |       ||    58
         Punch             |       |       |       |     2 |       ||     2
   Fire: Shortbow          |    71 |    29 |   357 |   292 |       ||   749
         Longbow           |       |       |       |   140 |   389 ||   529
 Invoke: Ancestor Identity |       |       |       |     2 |       ||     2
         Ancestor Life: Kn |       |       |       |     1 |       ||     1
         Recall Ancestor   |       |       |       |     2 |     1 ||     3
  Evoke: Wand              |       |     1 |     1 |    10 |     1 ||    13
    Use: Potion            |       |     1 |     3 |     4 |       ||     8
         Scroll            |       |       |     7 |    18 |     7 ||    32
   Stab: Distracted        |       |       |       |     1 |       ||     1
         Sleeping          |       |       |       |     1 |       ||     1
 Armour: Leather armour    |     7 |       |    17 |       |       ||    24
         Ring mail         |       |       |    63 |    85 |    46 ||   194
  Dodge: Dodged            |    22 |     2 |   122 |   149 |   166 ||   461
